 Dungeon Crawl Stone Soup version 0.19-a0-1111-gcceb26a (webtiles) character file.

6042 4thArraOfDagon the Grappler (level 10, -1/83 HPs)
             Began as a Troll Arcane Marksman on Aug 10, 2016.
             Was a Believer of Ashenzari.
             Killed by divine providence
             ... invoked by a meliai
              (12 damage)
             ... on level 9 of the Dungeon.
             The game lasted 00:18:54 (3695 turns).

4thArraOfDagon the Grappler (Troll Arcane Marksman) Turns: 3695, Time: 00:18:55

Health: -1/83      AC: 11    Str: 21      XL:     10   Next: 57%
Magic:  21/21      EV: 11    Int: 16 (17) God:    Ashenzari [**....]
Gold:   405        SH:  0    Dex:  9      Spells: 1 memorised, 10 levels left

rFire  . . .     SeeInvis .       - Unarmed
rCold  . . .     Gourm    +     L - +2 robe {rN+}
rNeg   + . .     Faith    .     (no shield)
rPois  +         Spirit   .     G - +3 hat of Pondering {ponderous, MR+ MP+10 Int+5}
rElec  .         Dismiss  .     D - +0 cloak
rCorr  .         Reflect  .     (gloves unavailable)
SustAt .         Harm     .     (boots unavailable)
MR     ++...                    E - amulet of rage (curse)
Stlth  +.........               B - +3 ring of slaying (curse)
                                r - ring of protection from magic

@: lethally poisoned (-1 -> -3), exhausted, slowed, very slow
A: unfitting armour, claws 3, deterioration 1, fast metabolism 3, gourmand,
poison resistance, regeneration 2, shaggy fur 1, tough skin 2, subdued magic 1
a: Curse Item, Scrying, Renounce Religion, Evoke Berserk Rage


You were on level 9 of the Dungeon.
You worshipped Ashenzari.
Ashenzari was pleased with you.
You were completely stuffed.

You visited 2 branches of the dungeon, and saw 10 of its levels.
You also visited: Sewer.

You collected 405 gold pieces.

Inventory:

Hand Weapons
 z - a +0 bardiche
 K - a +4 scimitar of flaming
Missiles
 c - 15 large rocks (quivered)
Armour
 a - a +0 robe
 D - a +0 cloak (worn)
 G - the +3 hat of Pondering (worn) {ponderous, MR+ MP+10 Int+5}
   (You found it on level 8 of the Dungeon)

   It affects your intelligence (+5).
   It affects your resistance to hostile enchantments.
   It affects your magic capacity (+10).
 L - a +2 robe of positive energy (worn)
Jewellery
 r - a ring of protection from magic (left claw)
 s - an uncursed ring of ice
 A - the cursed ring "Wosuczef" {Wiz Int+3}
   (You acquired it on level 8 of the Dungeon)

   [ring of wizardry]

   It improves your spell success rate.
   It affects your intelligence (+3).
   It has a curse placed upon it.
 B - a cursed +3 ring of slaying (right claw)
 E - a cursed amulet of rage (around neck)
 I - the cursed ring "Ycho" {Wiz rN++}
   (You acquired it on level 8 of the Dungeon)

   [ring of wizardry]

   It improves your spell success rate.
   It greatly protects you from negative energy.
   It has a curse placed upon it.
Wands
 F - a wand of acid (1/15)
Scrolls
 d - 2 scrolls of enchant weapon {unknown}
 g - a scroll of amnesia {unknown}
 h - a scroll of torment {unknown}
 l - 2 scrolls of enchant armour {unknown}
 n - 6 scrolls of teleportation {unknown}
 q - a scroll of random uselessness {unknown}
 t - a scroll of fog {unknown}
 u - a scroll of immolation {unknown}
 w - 2 scrolls of noise {unknown}
 x - a scroll of magic mapping
 y - 2 scrolls of recharging {unknown}
 J - 3 scrolls of identify
 M - a scroll of remove curse
Potions
 e - 2 potions of agility
 i - 2 potions of brilliance
 j - 6 potions of curing
 k - 2 potions of cure mutation
 m - 4 potions of flight
 o - 4 potions of heal wounds
 p - 2 potions of might
 v - a potion of degeneration
 C - a potion of berserk rage
Books
 b - a book of Debilitation

   Spells                             Type                      Level
   a - Corona                         Hexes                        1
   b - Slow                           Hexes                        2
   c - Gell's Gravitas                Hexes/Translocation          3
   d - Inner Flame                    Hexes/Fire                   3
   e - Cause Fear                     Hexes                        4
   f - Leda's Liquefaction            Hexes/Earth                  4
Comestibles
 f - 8 bread rations
 H - a meat ration


   Skills:
 - Level 0.7 Fighting
 - Level 1.7 Throwing
 + Level 3.5 Dodging
 * Level 13.9 Unarmed Combat
 - Level 1.0 Spellcasting
 - Level 2.0(3.1) Hexes
 - Level 3.8(5.2) Evocations


You had 10 spell levels left.
You knew the following spells:

 Your Spells              Type           Power        Failure   Level  Hunger
a - Corona                Hex            #......      8%          1    ##.....


Dungeon Overview and Level Annotations

Branches:
Dungeon (9/15)             Temple (1/1) D:5             Orc (0/2) D:9
   Lair: D:8-11

Altars:
Ashenzari
Cheibriados
Dithmenos
Elyvilon
Fedhas
Hepliaklqana
Kikubaaqudgha
Makhleb
Nemelex Xobeh
Okawaru
Sif Muna
Trog
Uskayaw
Vehumet
Xom
Yredelemnul

Shops:
D:5 *   D:6 =


Innate Abilities, Weirdness & Mutations

You are too large for most types of armour.
You have claws for hands.
Your metabolism is lightning-fast.
You like to eat raw meat.
You heal very quickly.
You are covered in fur. (AC +1)
You have very tough skin. (AC +2)
Your body sometimes deteriorates upon taking damage.
Your system is resistant to poisons. (rPois)
Your spells are a little easier to cast, but a little less powerful.


Message History

The bolt of acid hits the meliai.
The meliai is severely wounded.
This wand has 1 charge left.
You feel sick.
The meliai hits you with a hand axe of holy wrath.
The meliai barely misses you.
The meliai hits you with a hand axe of holy wrath!
* * * LOW HITPOINT WARNING * * *
Your body deteriorates!
You feel dopey. The meliai misses you. The meliai completely misses you.
The meliai stings you!
* * * LOW HITPOINT WARNING * * *
Unknown command.
Unknown command.
Unknown command.
You feel much better.
You feel sick.
The meliai mumbles some strange prayers to its god against you.
Something smites you!
* * * LOW HITPOINT WARNING * * *
The meliai mumbles some strange prayers to its god against you.
Something smites you!
You die...

* * .#
#####+#### .
#.........
##.
#.........
#..
#........)
#.#*
#.........
#.#
#.........
#y#
#.........
#@#
########'#
#.# #...#
#.# ##.###
#.# #..# #.#
#.##
######'##
##(####
#.......#
#......
#.......#
#......
#.......+
,,,###......


You could see a meliai.

Vanquished Creatures
  Erica (D:8)
  2 meliai (D:9)
  3 wraiths (D:9)
  12 yaks
  A hippogriff (D:8)
  2 hungry ghosts
  An orc warrior (D:9)
  A necrophage (D:9)
  A sky beast (D:5)
  A phantom (D:8)
  4 ogres
  2 centaurs
  A giant frog (D:9)
  4 big kobolds (Sewer)
  A troll zombie (D:9)
  2 howler monkeys
  7 crimson imps
  A giant frog zombie (D:8)
  2 human zombies (D:9)
  Crazy Yiuf (D:6)
  2 hounds
  2 jellies
  A gnoll shaman (D:3)
  3 orc priests (D:7)
  A human skeleton (D:9)
  3 orc wizards
  3 iguanas (D:8)
  5 worker ants
  A hound skeleton (D:5)
  3 mummies (D:9)
  4 gnolls (D:3)
  3 adders
  2 shadow imps
  3 oozes
  An adder skeleton (D:9)
  A worm (D:3)
  A dart slug (D:1)
  5 giant geckos
  21 orcs
  5 ball pythons
  3 giant cockroaches
  2 goblins
  4 hobgoblins
  10 jackals
  3 quokkas
  6 bats
  5 giant newts
  A jackal skeleton (D:4)
  13 kobolds
  An orc skeleton (D:9)
  7 rats
175 creatures vanquished.

Notes
Turn   | Place    | Note
-------+----------+-------------------------------------------
     0 | D:1      | 4thArraOfDagon the Troll Arcane Marksman began the quest for the Orb.
     0 | D:1      | Reached XP level 1. HP: 18/18 MP: 1/1
    85 | D:2      | Reached skill level 1 in Unarmed Combat
   147 | D:3      | Noticed an ogre
   163 | D:3      | Killed an ogre
   163 | D:3      | Reached skill level 4 in Unarmed Combat
   163 | D:3      | Reached XP level 2. HP: 17/26 MP: 2/2
   163 | D:3      | Reached XP level 3. HP: 21/32 MP: 3/3
   163 | D:3      | Reached XP level 4. HP: 27/40 MP: 4/4
   279 | D:5      | Entered Level 5 of the Dungeon
   282 | D:5      | You fall through a shaft for 3 floors!
   282 | D:8      | Noticed a hungry ghost
   299 | D:8      | Killed a hungry ghost
   299 | D:8      | Reached skill level 5 in Unarmed Combat
   299 | D:8      | Reached XP level 5. HP: 39/46 MP: 5/5
   304 | D:8      | Noticed a centaur
   313 | D:8      | Killed a centaur
   313 | D:8      | Reached skill level 6 in Unarmed Combat
   313 | D:8      | Reached XP level 6. HP: 23/54 MP: 6/6
   465 | D:8      | Noticed a hippogriff
   479 | D:8      | Killed a hippogriff
   479 | D:8      | Reached skill level 7 in Unarmed Combat
   479 | D:8      | Reached XP level 7. HP: 10/61 MP: 7/7
   612 | D:6      | Reached skill level 8 in Unarmed Combat
   711 | D:6      | Found Suiprima's Jewellery Shop.
   736 | D:5      | Found a staircase to the Ecumenical Temple.
   741 | Temple   | Entered the Ecumenical Temple
   774 | Temple   | Became a worshipper of Ashenzari the Shackled
   855 | D:5      | Found a glowing drain.
   886 | Sewer    | Entered a sewer
   985 | Sewer    | Reached skill level 9 in Unarmed Combat
  1043 | Sewer    | Reached XP level 8. HP: 45/68 MP: 8/8
  1283 | D:5      | Reached skill level 10 in Unarmed Combat
  1450 | D:4      | Reached * piety under Ashenzari
  2239 | D:4      | Reached skill level 11 in Unarmed Combat
  2416 | D:6      | Found a runed door.
  2420 | D:6      | Noticed Crazy Yiuf
  2424 | D:6      | Killed Crazy Yiuf
  2474 | D:5      | Found Lexkaeleats's Elemental Accessories.
  2536 | D:6      | Gained mutation: Your system is resistant to poisons. (rPois) [potion of mutation]
  2536 | D:6      | Gained mutation: Your spells are a little easier to cast, but a little less powerful. [potion of mutation]
  2536 | D:6      | Gained mutation: Your body sometimes deteriorates upon taking damage. [potion of mutation]
  2657 | D:7      | Reached ** piety under Ashenzari
  2668 | D:7      | Reached skill level 1 in Evocations
  2670 | D:7      | Reached XP level 9. HP: 75/75 MP: 9/9
  2899 | D:8      | Noticed Erica
  2911 | D:9      | Found a staircase to the Orcish Mines.
  3045 | D:8      | Identified 2 scrolls of acquirement
  3046 | D:8      | Identified the cursed ring "Ycho" {Wiz rN++} (You acquired it on level 8 of the Dungeon)
  3049 | D:8      | Identified the cursed ring "Wosuczef" {Wiz Int+3} (You acquired it on level 8 of the Dungeon)
  3091 | D:8      | Killed Erica
  3091 | D:8      | Reached skill level 12 in Unarmed Combat
  3202 | D:9      | Reached XP level 10. HP: 83/83 MP: 11/11
  3310 | D:9      | Reached skill level 13 in Unarmed Combat
  3531 | D:9      | Found an ancient bone altar of Kikubaaqudgha.
  3695 | D:9      | Killed from afar by a meliai

Vault maps used:
D:1:      dpeg_arrival_more_subterranean_lakeside_camping
D:2:      first_bread, tgw_xom
D:5:      portal_sewer_entry_c, nicolae_elemental_shop, uniq_menkaure
D:6:      serial_shops, shop, uniq_eustachio, uniq_crazy_yiuf_cottage
D:7:      grunt_ogre_cave
D:8:      uniq_erica
D:9:      lemuel_mausoleum_altar_kikubaaqudgha, orc_0_dummy, minivault_24,
          nicolae_qazlal_style_of_elements
Temple:   kilobyte_greek_temple
Sewer:    kennysheep_pipe_town

Skill      XL: |  1  2  3  4  5  6  7  8  9 10 |
---------------+-------------------------------+-----
Unarmed Combat | 4 5 6 7 9 11 12 13 | 13.9
Evocations     | 1 3 |  3.8
Dodging        | 3 |  3.5
Fighting       | |  0.7
Throwing       | |  1.7
Spellcasting   | |  1.0
Hexes          | |  2.0

Action                   |  1- 3 |  4- 6 |  7- 9 | 10-12 || total
-------------------------+-------+-------+-------+-------++-------
Melee: Unarmed           |    20 |    47 |   355 |    81 ||   503
       Punch             |       |     2 |    14 |     9 ||    25
Throw: Large rock        |     2 |     3 |     6 |       ||    11
       Throwing net      |     2 |       |     1 |       ||     3
Invok: Curse Item        |       |       |     2 |       ||     2
 Abil: Evoke Berserk Rag |       |       |     2 |     2 ||     4
Evoke: Wand              |       |       |       |     6 ||     6
  Use: Potion            |       |     2 |     1 |     2 ||     5
       Scroll            |       |       |    14 |       ||    14
 Stab: Held in net/web   |     1 |       |       |       ||     1
  Eat: Chunk             |       |    12 |    34 |     8 ||    54
Armor: Robe              |     1 |    23 |   113 |    22 ||   159
Dodge: Dodged            |     8 |    22 |   169 |    26 ||   225
